 Dungeon Crawl Stone Soup version 0.25.1-1-g288607f5aa (webtiles) character file.

Game seed: 11665215643078623680

98573 funkygono the Peltast (level 15, -7/137 HPs)
             Began as a Minotaur Fighter on July 23, 2020.
             Was the Champion of Okawaru.
             Mangled by a four-headed hydra (11 damage)
             ... called by a spriggan druid
             ... on level 4 of the Swamp.
             The game lasted 01:16:52 (28020 turns).

funkygono the Peltast (Minotaur Fighter)           Turns: 28020, Time: 01:16:52

Health: -7/137     AC: 32    Str: 24    XL:     15   Next: 75%
Magic:  16/16      EV: 16    Int: 10    God:    Okawaru [******]
Gold:   1960       SH:  0    Dex: 16    Spells: 14/14 levels left

rFire    . . .     SeeInvis +   k - +9 whip (freeze)
rCold    . . .     Gourm    .   R - +4 buckler of Slovenliness {Regen+}
rNeg     . . .     Faith    .   A - +1 plate armour of Purpose {Stlth+}
rPois    .         Spirit   .   c - +2 hat
rElec    .         Reflect  +   Q - +1 cloak
rCorr    .         Harm     .   F - +1 pair of gloves of Yesterday {*Drain Int+5 Dex+3 SInv}
MR       +....                  M - +2 pair of boots {Stlth+}
Stlth    ..........             t - amulet of reflection
HPRegen  0.72/turn              w - +4 ring of evasion
MPRegen  0.15/turn              T - +4 ring of protection

@: confused
A: retaliatory headbutt, horns 2
a: Heroism, Finesse, Renounce Religion


You were on level 4 of the Swamp.
You worshipped Okawaru.
Okawaru was exalted by your worship.
You were full.

You visited 5 branches of the dungeon, and saw 24 of its levels.
You also visited: Sewer.

You collected 2716 gold pieces.
You spent 756 gold pieces at shops.

Inventory:

Hand Weapons
 k - a +9 whip of freezing (weapon)
 D - a +2 flail of holy wrath
 E - a +3 whip
 S - a +1 morningstar of protection
Missiles
 x - 43 sling bullets
Armour
 c - a +2 hat (worn)
 i - a +1 chain mail of magic resistance
 A - the +1 plate armour of Purpose (worn) {Stlth+}
   (You bought it in a shop on level 2 of the Orcish Mines)

   It makes you more stealthy.
 F - the +1 pair of gloves of Yesterday (worn) {*Drain Int+5 Dex+3 SInv}
   (Okawaru gifted it to you on level 3 of the Lair of Beasts)

   It affects your intelligence (+5).
   It affects your dexterity (+3).
   It lets you see invisible.
   It causes draining when unequipped.
 M - a +2 pair of boots of stealth (worn)
 Q - a +1 cloak (worn)
 R - the +4 buckler of Slovenliness (worn) {Regen+}
   (Okawaru gifted it to you on level 6 of the Lair of Beasts)

   It increases your rate of regeneration.
 U - +0 fire dragon scales
Jewellery
 t - an amulet of reflection (around neck)
 w - a +4 ring of evasion (left hand)
 K - an uncursed amulet of magic regeneration
 T - a +4 ring of protection (right hand)
Wands
 b - a wand of digging (4)
 l - a wand of flame (30)
 v - a wand of polymorph (13)
 C - a wand of paralysis (20)
 G - a wand of random effects (29)
 J - a wand of iceblast (5)
Scrolls
 g - 11 scrolls of remove curse
 j - 4 scrolls of magic mapping
 o - a scroll of amnesia
 u - 7 scrolls of teleportation
 y - 2 scrolls of blinking
 B - a scroll of enchant weapon
 L - a scroll of fog
 O - 9 scrolls of identify
Potions
 a - a potion of resistance
 d - 3 potions of might
 e - 2 potions of flight
 h - 4 potions of ambrosia
 m - 2 potions of cancellation
 n - a potion of berserk rage
 q - a potion of heal wounds
 r - a potion of stabbing
 s - 5 potions of haste
 z - a potion of invisibility
Miscellaneous
 H - a phial of floods
Comestibles
 f - 30 rations
 p - 5 chunks of flesh


   Skills:
 + Level 13.7 Fighting
 + Level 15.5 Maces & Flails
 + Level 15.0 Armour
 + Level 7.7 Dodging
 + Level 3.0 Stealth
 + Level 18.7 Shields
 + Level 2.2 Invocations
 + Level 3.3 Evocations


You had 14 spell levels left.
You didn't know any spells.
Your spell library contained the following spells:

 Spells                   Type           Power        Failure   Level  Hunger
 Beastly Appendage        Tmut           #.....       96%         1    ##.....
 Freeze                   Ice            #...         96%         1    ##.....
 Sticks to Snakes         Tmut           #.......     99%         2    ###....
 Frozen Ramparts          Ice            #.....       100%        3    ####...
 Ozocubu's Armour         Chrm/Ice       #.......     100%        3    ####...
 Spider Form              Tmut/Pois      #.........   100%        3    ####...
 Static Discharge         Conj/Air       #.......     100%        3    ####...
 Hailstorm                Conj/Ice       #.......     100%        4    #####..
 Ice Form                 Ice/Tmut       #.......     100%        4    #####..
 Summon Ice Beast         Ice/Summ       #.......     100%        4    #####..
 Summon Lightning Spire   Summ/Air       #.......     100%        4    #####..
 Blade Hands              Tmut           #.........   100%        5    ######.
 Lightning Bolt           Conj/Air       #.........   100%        5    ######.
 Silence                  Hex/Air        #.........   100%        5    ######.
 Conjure Ball Lightning   Conj/Air       #.........   100%        6    #######
 Ignition                 Fire           #.........   100%        8    #######
 Shatter                  Erth           #.........   100%        9    #######
 Tornado                  Air            #.........   100%        9    #######


Dungeon Overview and Level Annotations

Branches:
Dungeon (11/15)            Temple (1/1) D:5            Lair (6/6) D:11
  Swamp (4/4) Lair:3        Snake (0/4) Lair:4        Slime (0/5) Lair:6
    Orc (2/2) D:10            Elf (0/3) Orc:2         Sewer (visited)

Altars:
Ashenzari
Cheibriados
Dithmenos
Elyvilon
Fedhas
Gozag
Hepliaklqana
Kikubaaqudgha
Makhleb
Nemelex Xobeh
Okawaru
Qazlal
Sif Muna
Uskayaw
Vehumet
Wu Jian
Xom
Yredelemnul
Zin
The Shining One
Beogh
Jiyva

Shops:
D:8 }   Orc:2 =[([

Annotations:
D:10 2 transporters


Innate Abilities, Weirdness & Mutations

You reflexively headbutt those who attack you in melee.
You have a pair of horns on your head.


Message History

The alligator bites the alligator!
The alligator closely misses the alligator.
The alligator bites itself!
The alligator dies!
The alligator bites you!
* * * LOW HITPOINT WARNING * * *
The alligator tail-slaps you but does no damage.
Found 14 stones.
You whack the alligator! You freeze the alligator.
Your headbutt misses the alligator.
The alligator is moderately wounded.
You feel like a meek peon again. The alligator bites you.
* * * LOW HITPOINT WARNING * * *
The alligator tail-slaps you but does no damage.
The alligator bites you.
* * * LOW HITPOINT WARNING * * *
The alligator tail-slaps you but does no damage.
The four-headed hydra bites you!
You die...

.... .≈ .♣♣≈... ...
≈..♣§≈♣♣ [≈≈≈
....≈≈≈♣♣♣.≈≈.
♣♣..♣..≈.♣.§..≈
♣≈≈.♣...♣.≈≈..≈
♣♣.♣♣♣.≈.≈≈...≈
♣♣...≈♣.@♣§≈.§.≈
♣....≈)tD≈.≈≈.≈≈
♣.≈≈..♣†♣....≈§.
♣≈≈...♣♣≈.≈≈.≈.≈
♣♣.♣≈♣≈♣♣...≈.≈.
♣..≈..≈..≈.....(
♣≈≈≈.≈≈.≈≈...≈..
♣♣.≈.≈.................♣
♣♣....≈.≈.......≈..≈.≈♣♣


You could see an alligator (swift) and a four-headed hydra.

Vanquished Creatures
  A thorn hunter (Swamp:3)
  An orc warlord (Orc:2)
  Snorg (Orc:2)
  An ettin (Orc:1)
  A fire dragon (Lair:6)
  Erolcha (D:9)
  15 hydras
  A two-headed ogre (D:8)
  A shambling mangrove (Swamp:3)
  4 alligators
  Urug (Lair:3)
  3 orc high priests (Orc:2)
  4 spriggan druids
  11 swamp dragons
  3 lindwurms
  3 orc knights
  A deep elf mage (D:10)
  An ugly thing (D:11)
  An orc sorcerer (Orc:2)
  An oklob plant (Lair:2)
  A manticore (D:11)
  14 elephants (Lair:3)
  7 black mambas
  3 molten gargoyles (Lair:6)
  2 torpor snails
  15 spiny frogs
  The ghost of Aviak the Firebug, a novice DsFE of Vehumet (D:5)
  6 rime drakes
  5 komodo dragons
  A kobold demonologist (D:11)
  3 trolls
  2 polar bears (Lair:5)
  15 hornets
  17 blink frogs
  8 bog bodies
  6 tyrant leeches
  13 slime creatures
  A dream sheep (Lair:3)
  9 hippogriffs
  3 shadows
  55 yaks
  12 spriggans
  5 wyverns (Lair:6)
  A human (Lair:5)
  8 basilisks
  3 hungry ghosts
  A fire bat (D:4)
  2 steam dragons (Lair:6)
  4 wargs
  14 vampire mosquitoes
  15 swamp worms
  3 insubstantial wisps (Swamp:2)
  5 hell hounds (Lair:6)
  4 porcupines
  15 water moccasins
  2 sky beasts
  36 orc warriors
  A black bear (D:11)
  12 swamp drakes
  An ice beast (D:10)
  2 phantoms
  6 wolves (Lair:3)
  2 necrophages (D:10)
  9 ogres
  5 centaurs
  14 crocodiles
  2 big kobolds
  A gnoll sergeant (D:8)
  13 bullfrogs
  2 scorpions (D:8)
  An electric eel (Lair:4)
  4 howler monkeys (D:9)
  5 lava snakes (Lair:6)
  4 crimson imps
  A centaur zombie (D:7)
  19 orc priests
  5 hounds
  3 jellies
  39 orc wizards
  Jessica (D:2)
  3 centaur skeletons
  3 iguanas
  Natasha (thrice) (D:3)
  8 worker ants
  Terence (D:2)
  2 hound skeletons
  A howler monkey zombie (D:5)
  A worker ant zombie (D:11)
  14 gnolls
  8 adders
  A river rat (D:5)
  3 shadow imps
  An adder zombie (D:5)
  An adder skeleton (D:4)
  A worm (D:2)
  2 dart slugs
  8 leopard geckos
  93 orcs
  7 ball pythons
  4 giant cockroaches
  7 goblins
  7 hobgoblins
  19 jackals
  2 quokkas
  7 bats
  7 frilled lizards
  2 jackal skeletons (D:4)
  19 kobolds
  A leopard gecko skeleton (D:4)
  8 rats
  A bush (D:3)
  A plant (Sewer)
771 creatures vanquished.

Vanquished Creatures (others)
  An alligator (Swamp:4)
  A spriggan druid (Swamp:4)
  A swamp drake (Swamp:2)
  An ogre (D:5)
  A big kobold (D:5)
  An adder (D:5)
  An ooze (D:5)
  2 bushes (Lair:3)
  6 fungi
  46 plants
61 creatures vanquished.

Grand Total: 832 creatures vanquished

Notes
Turn   | Place    | Note
-------+----------+-------------------------------------------
     0 | D:1      | funkygono the Minotaur Fighter began the quest for the Orb.
     0 | D:1      | Reached XP level 1. HP: 19/19 MP: 0/0
   133 | D:1      | Reached XP level 2. HP: 23/27 MP: 1/1
   308 | D:1      | Reached skill level 4 in Shields
   603 | D:1      | Reached XP level 3. HP: 31/33 MP: 2/2
   828 | D:2      | Noticed Terence
   841 | D:2      | Killed Terence
   943 | D:2      | Reached XP level 4. HP: 40/40 MP: 3/3
   974 | D:2      | Found a faded altar of an unknown god.
  1134 | D:2      | Noticed Jessica
  1137 | D:2      | Killed Jessica
  1178 | D:2      | Reached XP level 5. HP: 46/46 MP: 4/4
  1666 | D:3      | Reached skill level 1 in Dodging
  1734 | D:3      | Found a shadowy altar of Dithmenos.
  1904 | D:3      | Reached skill level 5 in Shields
  2100 | D:3      | Noticed Natasha
  2110 | D:3      | Killed Natasha
  2148 | D:3      | Reached XP level 6. HP: 37/53 MP: 5/5
  2279 | D:3      | Reached skill level 5 in Armour
  2293 | D:3      | Noticed Natasha
  2301 | D:3      | Killed Natasha
  2503 | D:3      | Noticed Natasha
  2514 | D:3      | Killed Natasha
  2514 | D:3      | Reached skill level 5 in Maces & Flails
  2618 | D:4      | Found a transporter.
  2676 | D:4      | Found a transporter.
  2680 | D:4      | Noticed a fire bat
  2722 | D:4      | Killed a fire bat
  2722 | D:4      | Reached skill level 6 in Shields
  2722 | D:4      | Reached XP level 7. HP: 60/60 MP: 6/6
  3625 | D:5      | Entered Level 5 of the Dungeon
  3644 | D:5      | Found a runed translucent door.
  3741 | D:5      | Found a glowing drain.
  3793 | Sewer    | Entered a sewer
  4512 | D:5      | Found a shimmering altar of Xom.
  4533 | D:5      | Reached skill level 5 in Fighting
  4544 | D:5      | Reached XP level 8. HP: 65/68 MP: 7/7
  4578 | D:5      | Noticed Aviak's ghost (novice DsFE)
  4622 | D:5      | Found a staircase to the Ecumenical Temple.
  4986 | Temple   | Entered the Ecumenical Temple
  5159 | Temple   | Became a worshipper of Warmaster Okawaru
  5243 | D:5      | Killed Aviak's ghost
  5243 | D:5      | Reached * piety under Okawaru
  5243 | D:5      | Reached skill level 7 in Shields
  5529 | D:6      | Found a shimmering blue altar of Sif Muna.
  6411 | D:7      | Reached skill level 8 in Shields
  6726 | D:7      | Reached XP level 9. HP: 56/74 MP: 8/8
  7602 | D:8      | Found Hytt's Gadget Emporium.
  7650 | D:8      | Reached ** piety under Okawaru
  8109 | D:8      | Noticed a two-headed ogre
  8120 | D:8      | Killed a two-headed ogre
  8120 | D:8      | Reached *** piety under Okawaru
  8120 | D:8      | Reached skill level 10 in Maces & Flails
  8120 | D:8      | Reached skill level 9 in Shields
  8589 | D:9      | Noticed Erolcha
  8592 | D:9      | Paralysed by Erolcha for 4 turns
  8603 | D:9      | Killed Erolcha
  8603 | D:9      | Reached **** piety under Okawaru
  8603 | D:9      | Reached XP level 10. HP: 73/84 MP: 9/9
  8640 | D:9      | Found an opulent altar of Gozag.
  9119 | D:10     | Entered Level 10 of the Dungeon
  9128 | D:10     | Noticed a deep elf mage
  9165 | D:10     | Killed a deep elf mage
  9165 | D:10     | Received a gift from Okawaru
  9165 | D:10     | Reached skill level 10 in Shields
  9609 | D:10     | Reached skill level 10 in Armour
  9686 | D:10     | Reached ***** piety under Okawaru
  9961 | D:10     | Found a transporter.
  9961 | D:10     | Noticed a manticore
  9977 | D:10     | Noticed a stone giant
  9982 | D:10     | Noticed a flayed ghost
 10323 | D:10     | Found a staircase to the Orcish Mines.
 10550 | D:10     | Found a transporter.
 10552 | D:10     | Identified the ring of the Prince of Darkness {Int+4
                  | Stlth+}
 10777 | D:10     | Reached XP level 11. HP: 81/93 MP: 7/10
 10786 | D:10     | Reached skill level 11 in Shields
 11722 | D:11     | Noticed a cyan ugly thing
 11880 | D:11     | Killed a cyan ugly thing
 11886 | D:11     | Reached skill level 1 in Evocations
 11965 | D:11     | Reached skill level 1 in Invocations
 12300 | D:11     | Found a staircase to the Lair.
 12964 | Lair:1   | Entered Level 1 of the Lair of Beasts
 13177 | Lair:1   | Reached ****** piety under Okawaru
 13219 | Lair:1   | Reached skill level 12 in Shields
 13460 | Lair:1   | Received a gift from Okawaru
 14080 | Lair:2   | Reached XP level 12. HP: 104/104 MP: 12/12
 14332 | Lair:2   | Noticed a four-headed hydra
 14340 | Lair:2   | Killed a four-headed hydra
 14973 | Lair:2   | Reached skill level 13 in Shields
 15009 | Lair:2   | Noticed a six-headed hydra
 15012 | Lair:2   | Reached skill level 5 in Dodging
 15024 | Lair:2   | Killed a six-headed hydra
 15499 | Lair:3   | Noticed a four-headed hydra
 15522 | Lair:3   | Killed a four-headed hydra
 15623 | Lair:3   | Reached skill level 10 in Fighting
 15648 | Lair:3   | Reached skill level 1 in Stealth
 15693 | Lair:3   | Received a gift from Okawaru
 15696 | Lair:3   | Got a pair of shimmering gloves {god gift}
 15721 | Lair:3   | Identified the +1 pair of gloves of Yesterday {*Drain Int+5
                  | Dex+3 SInv} (Okawaru gifted it to you on level 3 of the
                  | Lair of Beasts)
 15980 | Lair:3   | Reached XP level 13. HP: 114/114 MP: 13/13
 16013 | Lair:3   | Reached skill level 14 in Shields
 16117 | Lair:3   | Noticed Urug
 16132 | Lair:3   | Killed Urug
 16747 | Lair:3   | Found a staircase to the Swamp.
 17216 | Lair:4   | Found a staircase to the Snake Pit.
 18189 | Lair:6   | Entered Level 6 of the Lair of Beasts
 18198 | Lair:6   | Reached skill level 15 in Shields
 18329 | Lair:6   | Received a gift from Okawaru
 18743 | Lair:6   | Noticed a fire dragon
 18899 | Lair:6   | Found a large runed translucent door.
 18906 | Lair:6   | Found a large runed translucent door.
 19422 | Lair:6   | Reached XP level 14. HP: 125/125 MP: 15/15
 19583 | Lair:6   | Received a gift from Okawaru
 20071 | Lair:6   | Found a viscous altar of Jiyva.
 20071 | Lair:6   | Found a staircase to the Slime Pits.
 20445 | Lair:6   | Received a gift from Okawaru
 20448 | Lair:6   | Got a faintly humming buckler {god gift}
 20459 | Lair:6   | Identified the +4 buckler of Slovenliness {Regen+} (Okawaru
                  | gifted it to you on level 6 of the Lair of Beasts)
 20517 | Lair:6   | Got an opalescent robe
 20541 | Lair:6   | Identified the +1 robe of Hedge Wizardry {rF+} (You found
                  | it on level 6 of the Lair of Beasts)
 20848 | Orc:1    | Entered Level 1 of the Orcish Mines
 20927 | Orc:2    | Entered Level 2 of the Orcish Mines
 21106 | Orc:2    | Found a staircase to the Elven Halls.
 21137 | Orc:2    | Found a roughly hewn altar of Beogh.
 21169 | Orc:2    | Found Piedoa's Antique Armour Boutique.
 21229 | Orc:2    | Found a roughly hewn altar of Beogh.
 21246 | Orc:2    | Reached skill level 16 in Shields
 21503 | Orc:2    | Noticed an orc warlord
 21696 | Orc:2    | Found a roughly hewn altar of Beogh.
 21736 | Orc:2    | Noticed Snorg
 21756 | Orc:2    | Killed Snorg
 21967 | Orc:2    | Found a roughly hewn altar of Beogh.
 22069 | Orc:2    | Found a roughly hewn altar of Beogh.
 22114 | Orc:2    | Found Nouvaot's Jewellery Shoppe.
 22159 | Orc:2    | Found a roughly hewn altar of Beogh.
 22207 | Orc:2    | Found a roughly hewn altar of Beogh.
 22389 | Orc:2    | Killed an orc warlord
 22582 | Orc:2    | Found Dyunnel's Antique Armour Emporium.
 22585 | Orc:2    | Found a roughly hewn altar of Beogh.
 22612 | Orc:2    | Found Ysoor's Antique Weapon Shoppe.
 22699 | Orc:2    | Bought a translucent plate armour for 756 gold pieces
 22710 | Orc:2    | Identified the +1 plate armour of Purpose {Stlth+} (You
                  | bought it in a shop on level 2 of the Orcish Mines)
 23360 | Swamp:1  | Entered Level 1 of the Swamp
 23408 | Swamp:1  | Received a gift from Okawaru
 23585 | Swamp:1  | Reached skill level 17 in Shields
 24615 | Swamp:2  | Reached skill level 15 in Maces & Flails
 24720 | Swamp:2  | Reached XP level 15. HP: 123/134 MP: 16/16
 25586 | Swamp:3  | Noticed a thorn hunter
 25614 | Swamp:3  | Killed a thorn hunter
 25951 | Swamp:3  | Received a gift from Okawaru
 25951 | Swamp:3  | Reached skill level 18 in Shields
 26031 | Swamp:3  | HP: 2/136 [poison (poison gas)]
 26807 | Swamp:4  | Entered Level 4 of the Swamp
 27880 | Swamp:4  | Received a gift from Okawaru
 27886 | Swamp:4  | Reached skill level 15 in Armour
 28019 | Swamp:4  | HP: 4/137 [alligator[a spriggan druid] (6)]
 28020 | Swamp:4  | Mangled by a four-headed hydra

Illustrated notes

Levels and vault maps discovered:
D:1:      tarquinn_simple_flora_water_b, layout_basic
D:2:      minmay_inner_zag, layout_basic, first_ration,
          chequers_ecumenical_altar_simple_redux, uniq_jessica, uniq_terence
D:3:      layout_basic, minmay_misc_feat_rugged, minmay_hedge_maze,
          nicolae_dithmenos_through_a_glass_darkly, uniq_natasha
D:4:      gammafunk_cloud_chamber, layout_basic, kennysheep_generic_room_7
D:5:      layout_basic, nicolae_overflow_hidden_temple,
          lemuel_temple_firewalk_a, gammafunk_ghost_grave, enter_ossuary_2,
          cheibrodos_sewer_entry_sluice, xom_confusion_cloud
D:6:      layout_basic, lemuel_doored_altar
D:7:      layout_basic
D:8:      layout_gridville, serial_shops, nicolae_shop_stone
D:9:      layout_big_octagon, basic_altar, uniq_erolcha
D:10:     gammafunk_sealed_arena, layout_layer_cave, david_orc_4,
          hangedman_stone_soup
D:11:     layout_long_grid, lair_entry_dummy, corexii_leaking_fountain,
          minmay_joined_circles
Temple:   regret_index_temple_mists
Lair:1:   layout_chaotic_city, st_stairs_13
Lair:2:   cheibrodos_lair_overgrown_chateau, layout_chaotic_city,
          lemuel_fruit_fields, minmay_lair_oklob_chamber
Lair:3:   layout_loops_ring, skrybe_swamp_entry_bodies,
          hangedman_lair_generics_rect, uniq_urug
Lair:4:   layout_gridlike, dummy_snake_entry
Lair:5:   layout_regular_city, serial_bayou_pond_a, serial_bayou_shore_b
Lair:6:   cheibrodos_lair_end_hotspot, layout_regular_city,
          dpeg_slime_entry_enclosed_altar, chequers_serial_rivers_small_b,
          minmay_lair_drake_nest
Swamp:1:  layout_falls_marsh, evilmike_swamp_ruin_house_3,
          infiniplex_staircase_pool
Swamp:2:  layout_basic_swamp, evilmike_swamp_ruin_house_2, swamp_pool3
Swamp:3:  layout_basic_swamp, evilmike_swamp_ruin_house_5, st_swamp_ruins_2
Swamp:4:  swamp_basic_johnstein, layout_basic_swamp
Orc:1:    layout_diamond_mine, nicolae_orc_flooded_monolith
Orc:2:    grunt_orc_community_town_hall, layout_diamond_mine,
          grunt_orc_community_big_house_1, grunt_orc_community_big_house_1,
          grunt_orc_community_house_3, grunt_orc_community_house_2,
          grunt_orc_community_house_1, grunt_orc_community_house_1,
          grunt_orc_community_house_2, grunt_orc_community_house_1,
          nicolae_orc_lost_temple, uniq_snorg

Skill      XL: |  1  2  3  4  5  6  7  8  9 10 11 12 13 14 15 |
---------------+----------------------------------------------+-----
Shields        | 4 5 6 8 9 10 12 13 15 17 18 | 18.7
Maces & Flails | 3 4 5 6 8 10 11 12 13 14 15 | 15.5
Armour         | 4 5 6 7 9 10 12 13 14 15 | 15.0
Fighting       | 4 5 6 7 9 10 11 12 13 | 13.7
Dodging        | 1 2 3 4 5 6 7 |  7.7
Evocations     | 1 2 3 |  3.3
Invocations    | 1 2 |  2.2
Stealth        | 1 2 3 |  3.0

Action                   |  1- 3 |  4- 6 |  7- 9 | 10-12 | 13-15 || total
-------------------------+-------+-------+-------+-------+-------++-------
Melee: Flail             |    22 |       |       |       |       ||    22
       Headbutt          |    11 |    55 |    89 |   220 |   456 ||   831
       Whip              |    80 |   238 |   487 |   885 |  1604 ||  3294
Throw: Stone             |       |       |     3 |       |       ||     3
Invok: Heroism           |       |       |       |     5 |    16 ||    21
Evoke: Wand              |       |       |       |    12 |    22 ||    34
       Phial of floods   |       |       |       |     2 |       ||     2
  Use: Scroll            |     6 |     7 |     5 |    10 |    12 ||    40
       Potion            |       |       |       |     1 |    16 ||    17
 Stab: Paralysed         |       |       |       |       |     3 ||     3
       Confused          |       |       |       |       |     2 ||     2
  Eat: Chunk             |       |     6 |    18 |    22 |    37 ||    83
       Ration            |       |       |     1 |     1 |     2 ||     4
Armor: Scale mail        |    49 |    23 |       |       |       ||    72
       Chain mail        |       |    32 |   140 |   171 |    64 ||   407
       Plate armour      |       |       |       |       |   244 ||   244
       Fire dragon scale |       |       |       |       |    30 ||    30
Dodge: Dodged            |    22 |    36 |    70 |   157 |   515 ||   800
Block: Kite shield       |    44 |    69 |   164 |   357 |   343 ||   977
       Reflection        |       |       |       |       |    21 ||    21
       Buckler           |       |       |       |       |   643 ||   643
